 Dungeon Crawl Stone Soup version 0.21.1-1-g345015f (webtiles) character file.

973 inc the Thaumaturge (level 7, 31/31 HPs)
             Began as a Felid Transmuter on Mar 14, 2018.
             Was an Initiate of Gozag.
             Quit the game on level 9 of the Dungeon on Mar 15, 2018.
             The game lasted 00:21:34 (11578 turns).

inc the Thaumaturge (Felid Transmuter)             Turns: 11578, Time: 00:21:35

Health: 31/31      AC:  2    Str:  6    XL:     7   Next: 94%
Magic:  20/20      EV: 22    Int: 16    God:    Gozag
Gold:   422        SH:  0    Dex: 17    Spells: 18/24 levels left
                                        Lives:  0   Deaths: 2

rFire    + . .     SeeInvis +     - Unarmed
rCold    . . .     Gourm    .   (shield unavailable)
rNeg     . . .     Faith    .   (armour unavailable)
rPois    .         Spirit   +   (helmet unavailable)
rElec    .         Reflect  .   (cloak unavailable)
rCorr    .         Harm     .   (gloves unavailable)
MR       +....                  (boots unavailable)
Stlth    ++........             D - amulet of guardian spirit
HPRegen  0.10/turn              r - ring of protection from fire
MPRegen  0.17/turn              m - +3 ring of slaying

@: quick
A: very small, no armour, no weapons or thrown items, stealth, claws 1, fangs 3,
see invisible, carnivore, speed 1, shaggy fur 2, slow metabolism 1, sharp paws
a: Potion Petition, Call Merchant, Bribe Branch, Renounce Religion


You were on level 9 of the Dungeon.
You worshipped Gozag.
Gozag was aware of your devotion.
You were not hungry.

You visited 2 branches of the dungeon, and saw 10 of its levels.

You collected 953 gold pieces.
You paid 531 gold pieces to Gozag.

Inventory:

Missiles
 a - 7 arrows
Jewellery
 m - a +3 ring of slaying (right paw)
 q - an uncursed ring of teleportation
 r - a ring of protection from fire (left paw)
 D - an amulet of guardian spirit (around neck)
Wands
 k - a wand of scattershot (5)
 s - a wand of random effects (20)
 x - a wand of polymorph (13)
Scrolls
 e - 3 scrolls of teleportation {unknown}
 f - 4 scrolls of remove curse
 g - 3 scrolls of amnesia
 h - 4 scrolls of enchant armour {unknown}
 i - a scroll of fog
 l - a scroll of random uselessness {unknown}
 t - 3 scrolls of acquirement {unknown}
 u - a scroll of immolation {unknown}
 v - 2 scrolls of enchant weapon {unknown}
 y - a scroll of magic mapping {unknown}
 A - a scroll of holy word {unknown}
 C - a scroll of fear {unknown}
Potions
 d - a potion of cancellation {unknown}
 n - a potion of invisibility
 o - 2 potions of degeneration
 p - 2 potions of might
 w - a potion of magic {unknown}
 z - a potion of agility
 B - a potion of lignification {unknown}
Books
 b - a book of Changes

   Spells                             Type                      Level
   a - Beastly Appendage              Transmutation                1
   b - Sticks to Snakes               Transmutation                2
   c - Spider Form                    Transmutation/Poison         3
   d - Ice Form                       Ice/Transmutation            4
   e - Blade Hands                    Transmutation                5
Comestibles
 c - 11 rations


   Skills:
 - Level 3.5 Fighting
 + Level 6.7 Dodging
 - Level 4.6 Unarmed Combat
 - Level 9.3 Spellcasting
 - Level 5.6 Transmutations


You had 18 spell levels left.
You knew the following spells:

 Your Spells              Type           Power        Failure   Level  Hunger
a - Beastly Appendage     Tmut           ####..       1%          1    None
b - Sticks to Snakes      Tmut           ####....     1%          2    None
c - Spider Form           Tmut/Pois      ###.......   9%          3    #......


Dungeon Overview and Level Annotations

Branches:
Dungeon (9/15)             Temple (1/1) D:4
   Lair: D:8-11         Orc: D:9-12

Altars:
Ashenzari
Cheibriados
Dithmenos
Elyvilon
Fedhas
Gozag
Kikubaaqudgha
Makhleb
Nemelex Xobeh
Okawaru
Qazlal
Ru
Sif Muna
Trog
Uskayaw
Wu Jian
Yredelemnul
Zin
The Shining One

Shops:
D:8 [=

Annotations:
D:2 1 runed door
D:5 Grinder


Innate Abilities, Weirdness & Mutations

You cannot wear armour.
You are incapable of wielding weapons or throwing items.
Your paws allow you to move quietly. (Stealth)
You have sharp claws.
You have razor-sharp teeth.
You have supernaturally acute eyesight. (SInv)
You are carnivorous and can eat meat at any time.
You cover ground quickly.
You are covered in thick fur. (AC +2)
You have a slow metabolism.
Your sharp claws are effective at attacking unaware monsters.


Message History

The sky beast is heavily wounded.
The sky beast closely misses you.
You scratch the sky beast.
The sky beast is severely wounded.
The crimson imp blinks!
The sky beast misses you.
You miss the sky beast.
The sky beast is heavily wounded.
The sky beast completely misses you.
You miss the sky beast.
The sky beast is heavily wounded.
The sky beast hits you.
* * * LOW HITPOINT WARNING * * *
The sky beast shocks you.
You die...
Your shape twists and changes as you die.
You are now level 7!
Your horns disappear.
You rejoin the land of the living...
Found 21 gold pieces.
Are you sure you want to abandon this character and quit the game? (Confirm with "yes".)

# ##
...
.#####
...
...>...
...
.....##
#.#
.....#
#.#
....##
#$#
....#
#.#
.#..#
#@#
##..#
#.# #
... #.#
# ..
#.# #.#
... ...
.##


There were no monsters in sight!

Vanquished Creatures
  A hippogriff (D:7)
  Eustachio (D:5)
  A hungry ghost (D:7)
  An ice beast (D:8)
  2 sky beasts
  6 ogres
  3 bullfrogs
  2 howler monkeys
  A wight (D:8)
  2 crimson imps
  A quasit (D:2)
  A centaur zombie (D:8)
  A hound (D:4)
  5 orc priests
  2 centaur skeletons
  A bullfrog skeleton (D:2)
  5 orc wizards
  Ijyb (D:3)
  Terence (D:3)
  Natasha (twice) (D:2)
  An iguana (D:6)
  5 worker ants
  A worker ant zombie (D:8)
  10 adders
  3 shadow imps
  2 oozes
  An adder skeleton (D:4)
  A worm (D:3)
  A dart slug (D:1)
  2 leopard geckos
  30 orcs
  6 giant cockroaches
  14 goblins
  8 hobgoblins
  8 jackals
  6 kobolds
  A quokka (D:4)
  3 ball pythons
  12 bats
  7 frilled lizards
  A jackal skeleton (D:4)
  A leopard gecko zombie (D:5)
  7 rats
171 creatures vanquished.

Vanquished Creatures (collateral kills)
  Prince Ribbit (D:7)
  A phantom (D:8)
  A wight (D:8)
  An iguana (D:4)
  2 worker ants (D:4)
  3 adders
  A giant cockroach (D:4)
10 creatures vanquished.

Vanquished Creatures (others)
  A goblin (D:3)
1 creature vanquished.

Grand Total: 182 creatures vanquished

Notes
Turn   | Place    | Note
-------+----------+-------------------------------------------
     0 | D:1      | inc the Felid Transmuter began the quest for the Orb.
     0 | D:1      | Reached XP level 1. HP: 9/9 MP: 4/4
   441 | D:1      | Reached XP level 2. HP: 4/12 MP: 6/6
  1505 | D:2      | Reached XP level 3. HP: 15/15 MP: 5/7
  1767 | D:2      | Reached skill level 5 in Dodging
  1807 | D:2      | Reached XP level 4. HP: 10/19 MP: 8/8
  2315 | D:2      | Found an iron altar of Okawaru.
  2315 | D:2      | Found a burning altar of Makhleb.
  2335 | D:2      | Learned a level 2 spell: Sticks to Snakes
  2339 | D:2      | Learned a level 3 spell: Spider Form
  2413 | D:2      | Found a runed door.
  3298 | D:3      | Reached XP level 5. HP: 22/22 MP: 7/9
  3898 | D:3      | Noticed Natasha
  3941 | D:2      | Killed Natasha
  4302 | D:3      | Noticed Terence
  4347 | D:3      | Killed Terence
  4347 | D:3      | Gained mutation: You are covered in thick fur. (AC +2) [Felid growth]
  4347 | D:3      | Reached XP level 6. HP: 17/25 MP: 3/10
  4493 | D:3      | HP: 1/25 [orc priest/hand axe (3)]
  4820 | D:3      | Noticed Ijyb
  4840 | D:3      | Killed Ijyb
  4927 | D:3      | HP: 1/26 [poisoned by an adder]
  5174 | D:2      | Noticed Natasha
  5192 | D:2      | Killed Natasha
  5316 | D:3      | You fall through a shaft!
  5816 | D:4      | Found a staircase to the Ecumenical Temple.
  5855 | Temple   | Entered the Ecumenical Temple
  5935 | Temple   | Became a worshipper of Gozag Ym Sagoz the Greedy
  5988 | D:4      | Reached XP level 7. HP: 29/31 MP: 5/12
  6040 | D:4      | Reached skill level 3 in Spellcasting
  7008 | D:5      | Entered Level 5 of the Dungeon
  7028 | D:5      | Reached skill level 4 in Spellcasting
  7112 | D:5      | Found a deep blue altar of Sif Muna.
  7325 | D:3      | Reached skill level 5 in Spellcasting
  7785 | D:5      | Noticed Eustachio
  7814 | D:5      | Killed Eustachio
  7814 | D:5      | Reached XP level 8. HP: 31/34 MP: 12/17
  8247 | D:5      | Noticed Grinder
  8283 | D:6      | Reached skill level 6 in Spellcasting
  8381 | D:6      | Reached skill level 7 in Spellcasting
  8546 | D:6      | Found a white marble altar of Elyvilon.
  9160 | D:7      | Reached skill level 8 in Spellcasting
  9415 | D:7      | Slain by an ogre
  9416 | D:7      | Reached XP level 7. HP: -2/31 MP: 18/19
  9438 | D:7      | Reached XP level 8. HP: 17/34 MP: 17/21
 10082 | D:7      | Noticed Prince Ribbit
 10505 | D:7      | Killed Prince Ribbit
 10505 | D:7      | Reached skill level 9 in Spellcasting
 10527 | D:7      | Noticed a hippogriff
 10750 | D:7      | Killed a hippogriff
 11029 | D:8      | Noticed a two-headed ogre
 11118 | D:8      | Found Kavul's Armour Shop.
 11335 | D:8      | Reached skill level 5 in Transmutations
 11577 | D:9      | Slain by a sky beast
 11578 | D:9      | Reached XP level 7. HP: 0/31 MP: 0/20
 11578 | D:9      | Quit the game

Skill      XL: |  1  2  3  4  5  6  7  8 |
---------------+-------------------------+-----
Dodging        | 3 4 5 6 |  6.7
Transmutations | 4 5 |  5.6
Fighting       | 3 |  3.5
Spellcasting   | 5 9 |  9.3
Unarmed Combat | 4 |  4.6

Action                   |  1- 3 |  4- 6 |  7- 9 || total
-------------------------+-------+-------+-------++-------
Melee: Unarmed           |   101 |   322 |   397 ||   820
       Bite              |     8 |    30 |    16 ||    54
       Headbutt          |     8 |    29 |     6 ||    43
       Punch             |     1 |     1 |     2 ||     4
 Cast: Beastly Appendage |     8 |    23 |    10 ||    41
       Sticks to Snakes  |       |    21 |    21 ||    42
       Spider Form       |       |     3 |    28 ||    31
Invok: Potion Petition   |       |       |     1 ||     1
       Call Merchant     |       |       |     1 ||     1
 Abil: End Transformatio |       |       |     1 ||     1
  Use: Potion            |       |     4 |     1 ||     5
       Scroll            |       |     3 |     6 ||     9
 Stab: Sleeping          |     1 |     3 |     3 ||     7
       Distracted        |       |     1 |     1 ||     2
  Eat: Chunk             |       |    17 |       ||    17
       Ration            |       |       |     4 ||     4
Armor: Skin              |     7 |    20 |    10 ||    37
Dodge: Dodged            |    79 |   378 |   346 ||   803
